 Dungeon Crawl Stone Soup version 0.26.1-11-gd32895ea62 (webtiles) character file.

Game seed: 2715732652867260179

18 hunterBerkeley the Skirmisher (level 2, 0/24 HPs)
             Began as a Demonspawn Abyssal Knight on June 18, 2021.
             Was a Follower of Lugonu.
             Succumbed to an adder's poison
             ... on level 1 of the Dungeon.
             The game lasted 00:08:19 (1617 turns).

hunterBerkeley the Skirmisher (DsAK)                Turns: 1617, Time: 00:08:19

Health: 0/24       AC:  9    Str: 12    XL:     2   Next: 51%
Magic:  3/3        EV: 11    Int: 13    God:    Lugonu [*.....]
Gold:   98         SH:  0    Dex: 12    Spells: 1/1 levels left

rFire    . . .     SeeInvis .   a - +1 mace
rCold    . . .     Faith    .   (no shield)
rNeg     . . .     Spirit   .   b - +0 leather armour
rPois    .         Reflect  .   (no helmet)
rElec    .         Harm     .   (no cloak)
rCorr    .         Rampage  .   (no gloves)
Will     .....                  (no boots)
Stlth    +.........             (no amulet)
HPRegen  0.08/turn              (no ring)
MPRegen  0.08/turn              (no ring)

@: brilliant, lethally poisoned (0 -> -6), sanguine armour
A: sanguine armour 1
a: Renounce Religion, Depart the Abyss


You were on level 1 of the Dungeon.
You worshipped Lugonu.
Lugonu was aware of your devotion.
You visited 1 branch of the dungeon, and saw 2 of its levels.
You visited the Abyss 1 time.

You collected 98 gold pieces.

Inventory:

Hand Weapons
 a - a +1 mace (weapon)
 h - a +0 hunting sling
Missiles
 f - 2 poisoned darts (quivered)
 g - 17 arrows
 n - 22 stones
Armour
 b - a +0 leather armour (worn)
 o - a +0 robe
Jewellery
 e - an uncursed ring of poison resistance {unknown}
 m - a +4 ring of evasion {unknown}
 p - an uncursed amulet of regeneration {unknown}
 q - an uncursed ring of resist corrosion {unknown}
Scrolls
 c - 2 scrolls of identify {unknown}
 i - a scroll of blinking {unknown}
 j - a scroll of remove curse {unknown}
 k - 2 scrolls of noise {unknown}
 l - a scroll of fog {unknown}


   Skills:
 - Level 3.0 Fighting
 + Level 2.9 Maces & Flails
 - Level 1.7 Armour
 - Level 0.8 Dodging
 + Level 0.1 Stealth
 - Level 2.4 Invocations


You had one spell level left.
You didn't know any spells.
Your spell library was empty.

Dungeon Overview and Level Annotations

Branches:
Dungeon (2/15)

Altars:


Innate Abilities, Weirdness & Mutations

When seriously injured, your bleeding wounds create armour. (AC +6)


Message History

You see here 13 gold pieces.
The adder bites you but does no damage.
A giant cockroach comes into view.
You feel sick. The adder closely misses you. The adder bites you.
* * * LOW HITPOINT WARNING * * *
You are lethally poisoned!
The adder poisons you!
* * * LOW HITPOINT WARNING * * *
You feel sick.
There is a stone staircase leading up here.
The adder bites you.
* * * LOW HITPOINT WARNING * * *
You climb upwards.
* * * LOW HITPOINT WARNING * * *
You feel sick.
There is a stone staircase leading down here.
It was a potion of brilliance.
You feel clever all of a sudden.
You die...

###### #....#
#....# #S...# ###
#.@..# #.# ###
#....# #.# #..
#....### #.## #.#
#......# #..####..
####.#.# #...##...
###.#.####.#......


#PPPP.PPPP.PPP#.#. #P.P...P.P...P#.#. ##P.P)PPP.P.PPP..## You could see an
adder.

Vanquished Creatures
  4 goblins
  2 hobgoblins (D:1)
  3 bats (D:1)
  2 frilled lizards (D:1)
  5 kobolds
  3 rats
  A bush (D:1)
20 creatures vanquished.

Notes
Turn   | Place    | Note
-------+----------+-------------------------------------------
     0 | Abyss:1  | hunterBerkeley the Demonspawn Abyssal Knight began the
                  | quest for the Orb.
     0 | Abyss:1  | Reached XP level 1. HP: 18/18 MP: 2/2
     4 | D:1      | Escaped the Abyss
   130 | D:1      | Reached * piety under Lugonu
   495 | D:1      | Gained mutation: When seriously injured, your bleeding
                  | wounds create armour. (AC +6) [demonic ancestry]
   495 | D:1      | Reached XP level 2. HP: 2/24 MP: 3/3
  1616 | D:1      | HP: 1/24 [poisoned by an adder]
  1617 | D:1      | Succumbed to an adder's poison

Illustrated notes

Levels and vault maps discovered:
D:1:      mrwooster_arrival_arrow, layout_rooms, minmay_hedge_maze,
          minmay_misc_feat_roman, minmay_misc_feat_cross
D:2:      layout_basic

Skill      XL: |  1 |
---------------+----+-----
Maces & Flails | 2 |  2.9
Fighting       | |  3.0
Armour         | |  1.7
Dodging        | |  0.8
Stealth        | |  0.1
Invocations    | |  2.4

Action                   || total
-------------------------++-------
Melee: Mace              ||   170
Throw: Dart              ||     2
Invok: Depart the Abyss  ||     1
  Use: Potion            ||     1
Armor: Leather armour    ||    30
Dodge: Dodged            ||    49
